[ AOE2 MATCH · #506546798 ]
UnrankedMalians vs Dravidians
Player's team · LOSS
[ REPLAY ANALYSIS · EXTRACTED FROM THE RECORDED GAME ]
Feudal
9:15
Castle
—
Imperial
—
| APM avg | 45.9 |
| APM peak | 77 |
| eAPM avg | 20.0 |
| Villagers / military | 39 / 18 |
Focus
⚔️ 32.5% · 🌾 67.5%
Archer ×15 · Militia ×3
Feudal
12:10
Castle
19:05
Imperial
—
| APM avg | 86.8 |
| APM peak | 141 |
| eAPM avg | 33.1 |
| Villagers / military | 44 / 27 |
Focus
⚔️ 30.8% · 🌾 69.2%
Archer ×25 · Militia ×2
Match map
Initial resources + every placement click. Lines = walls · curves = elevation contours. ◆ gold · ⬟ stone · ● berries · ✦ relic · ◌ wall gap
Your base· Open — opponent sealed themselves in
repard's base· ✓ Closed at 19:05 · 53t walls · 1 gate(s)
Smoothed initial terrain · ◌ = detected wall gap · hover for details
Inputs per minute
— if i lose it all - - repard
Build order — if i lose it all
112 actions detected in the replay
| 0:00 | Create | Villager (Male) |
| 0:01 | Build | House |
| 0:03 | Build | House |
| 0:10 | Create | Villager (Male) |
| 0:10 | Create | Villager (Male) |
| 0:10 | Create | Villager (Male) |
| 1:24 | Create | Villager (Male) |
| 1:44 | Build | Mill |
| 1:47 | Create | Villager (Male) |
| 2:16 | Create | Villager (Male) |
| 2:49 | Create | Villager (Male) |
| 3:16 | Create | Villager (Male) |
| 3:31 | Create | Villager (Male) |
| 3:52 | Create | Villager (Male) |
| 3:55 | Build | House |
| 3:58 | Build | House |
| 3:59 | Build | House |
| 4:17 | Create | Villager (Male) |
| 4:42 | Create | Villager (Male) |
| 5:16 | Build | Lumber Camp |
| 5:20 | Create | Villager (Male) |
| 5:46 | Create | Villager (Male) |
| 5:47 | Create | Villager (Male) |
| 5:47 | Research | Loom |
| 7:01 | Research | Feudal Age |
| 7:04 | Build | Barracks |
| 7:31 | Build | Mining Camp |
| 7:33 | Build | Palisade Wall |
| 7:35 | Build | Palisade Wall |
| 7:58 | Create | Militia |
| 8:03 | Create | Militia |
| 8:44 | Create | Militia |
| 8:54 | Create | Villager (Male) |
| 9:03 | Build | House |
| 9:15 | Age | Feudal Age |
| 9:25 | Research | Man-at-Arms (upgrade) |
| 9:33 | Research | Double-Bit Axe |
| 9:39 | Build | Archery Range |
| 9:47 | Create | Villager (Male) |
| 10:13 | Create | Villager (Male) |
| 10:17 | Build | House |
| 10:35 | Create | Archer |
| 10:40 | Create | Villager (Male) |
| 10:49 | Create | Villager (Male) |
| 10:51 | Build | Mill |
| 11:00 | Create | Archer |
| 11:04 | Create | Villager (Male) |
| 11:35 | Build | House |
| 11:36 | Build | Palisade Wall |
| 11:39 | Create | Archer |
| 11:41 | Create | Villager (Male) |
| 11:57 | Create | Villager (Male) |
| 12:00 | Build | Blacksmith |
| 12:04 | Build | Farm |
| 12:08 | Build | Farm |
| 12:12 | Build | Farm |
| 12:17 | Create | Villager (Male) |
| 12:23 | Create | Archer |
| 12:32 | Create | Villager (Male) |
| 12:33 | Build | Farm |
| 12:43 | Build | House |
| 12:44 | Build | Palisade Wall |
| 12:45 | Create | Villager (Male) |
| 12:49 | Create | Archer |
| 12:54 | Build | Palisade Wall |
| 12:56 | Build | Palisade Wall |
| 13:05 | Research | Fletching |
| 13:26 | Create | Villager (Male) |
| 13:35 | Create | Villager (Male) |
| 13:38 | Build | Farm |
| 13:38 | Create | Archer |
| 13:44 | Create | Villager (Male) |
| 13:46 | Build | Farm |
| 14:08 | Create | Archer |
| 14:10 | Create | Villager (Male) |
| 14:20 | Build | Palisade Gate |
| 14:21 | Create | Villager (Male) |
| 14:27 | Create | Villager (Male) |
| 14:30 | Build | Farm |
| 14:35 | Build | Farm |
| 14:36 | Create | Villager (Male) |
| 14:41 | Create | Villager (Male) |
| 14:43 | Create | Archer |
| 15:20 | Create | Villager (Male) |
| 15:31 | Create | Villager (Male) |
| 15:31 | Create | Archer |
| 15:33 | Build | House |
| 15:47 | Create | Archer |
| 15:49 | Build | Archery Range |
| 16:01 | Build | Farm |
| 16:03 | Build | Farm |
| 16:04 | Build | Farm |
| 16:23 | Create | Archer |
| 16:25 | Create | Villager (Male) |
| 16:32 | Research | Padded Archer Armor |
| 16:40 | Build | Farm |
| 16:42 | Build | Farm |
| 16:43 | Build | House |
| 16:54 | Create | Archer |
| 17:15 | Create | Archer |
| 17:22 | Build | Farm |
| 17:23 | Build | Farm |
| 17:24 | Create | Villager (Male) |
| 17:35 | Build | House |
| 17:36 | Build | House |
| 17:39 | Create | Archer |
| 17:55 | Create | Archer |
| 18:18 | Research | Castle Age |
| 18:22 | Build | Lumber Camp |
| 18:24 | Build | House |
| 18:34 | Build | House |
| 18:51 | Build | House |
Build order — repard
135 actions detected in the replay
| 0:00 | Create | Villager (Male) |
| 0:00 | Create | Villager (Male) |
| 0:01 | Build | House |
| 0:02 | Build | House |
| 0:09 | Create | Villager (Male) |
| 0:09 | Create | Villager (Male) |
| 0:09 | Create | Villager (Male) |
| 1:23 | Create | Villager (Male) |
| 1:48 | Create | Villager (Male) |
| 1:48 | Create | Villager (Male) |
| 2:04 | Build | Lumber Camp |
| 2:19 | Create | Villager (Male) |
| 2:19 | Create | Villager (Male) |
| 2:46 | Create | Villager (Male) |
| 2:57 | Create | Villager (Male) |
| 3:05 | Build | House |
| 3:24 | Create | Villager (Male) |
| 3:54 | Create | Villager (Male) |
| 3:55 | Create | Villager (Male) |
| 4:20 | Create | Villager (Male) |
| 4:45 | Create | Villager (Male) |
| 4:52 | Build | Barracks |
| 4:57 | Create | Villager (Male) |
| 4:57 | Create | Villager (Male) |
| 5:23 | Build | House |
| 5:28 | Create | Villager (Male) |
| 5:48 | Build | House |
| 5:48 | Create | Militia |
| 5:54 | Create | Villager (Male) |
| 6:03 | Create | Militia |
| 6:23 | Build | House |
| 6:28 | Create | Villager (Male) |
| 6:49 | Build | Palisade Wall |
| 6:50 | Create | Villager (Male) |
| 6:55 | Create | Villager (Male) |
| 6:57 | Research | Loom |
| 7:09 | Build | Palisade Wall |
| 7:16 | Build | Palisade Wall |
| 7:27 | Create | Villager (Male) |
| 7:58 | Build | Mill |
| 8:01 | Create | Villager (Male) |
| 8:39 | Create | Villager (Male) |
| 8:41 | Build | Farm |
| 8:46 | Build | Mill |
| 9:00 | Create | Villager (Male) |
| 9:15 | Create | Villager (Male) |
| 9:53 | Research | Feudal Age |
| 10:01 | Build | Farm |
| 10:03 | Build | Farm |
| 10:26 | Build | Palisade Wall |
| 10:32 | Create | Villager (Male) |
| 10:39 | Build | Palisade Wall |
| 10:39 | Build | Palisade Wall |
| 10:43 | Build | Mining Camp |
| 10:49 | Build | Palisade Wall |
| 10:58 | Create | Villager (Male) |
| 11:00 | Build | Palisade Wall |
| 11:02 | Build | Palisade Wall |
| 11:02 | Build | Palisade Wall |
| 11:17 | Build | Palisade Wall |
| 11:37 | Build | Palisade Wall |
| 11:43 | Build | Palisade Wall |
| 11:44 | Build | Palisade Wall |
| 11:45 | Build | Palisade Wall |
| 11:59 | Build | Palisade Wall |
| 12:00 | Build | Palisade Wall |
| 12:01 | Build | Palisade Wall |
| 12:04 | Create | Villager (Male) |
| 12:10 | Age | Feudal Age |
| 12:12 | Build | Archery Range |
| 12:15 | Build | Archery Range |
| 12:19 | Build | Blacksmith |
| 12:40 | Research | Double-Bit Axe |
| 12:49 | Build | House |
| 13:07 | Create | Archer |
| 13:20 | Create | Archer |
| 13:21 | Create | Archer |
| 13:21 | Create | Villager (Male) |
| 13:28 | Build | House |
| 13:35 | Create | Archer |
| 13:35 | Research | Fletching |
| 13:36 | Create | Villager (Male) |
| 13:56 | Build | House |
| 13:58 | Create | Villager (Male) |
| 14:06 | Build | Farm |
| 14:07 | Build | Farm |
| 14:08 | Create | Archer |
| 14:08 | Create | Archer |
| 14:10 | Create | Villager (Male) |
| 14:26 | Build | Farm |
| 14:35 | Create | Archer |
| 14:45 | Create | Archer |
| 14:45 | Create | Archer |
| 14:50 | Create | Villager (Male) |
| 14:56 | Create | Villager (Male) |
| 14:59 | Build | Farm |
| 15:01 | Create | Archer |
| 15:01 | Create | Archer |
| 15:17 | Build | House |
| 15:36 | Build | House |
| 15:37 | Build | House |
| 15:38 | Create | Villager (Male) |
| 15:42 | Build | Palisade Gate |
| 15:45 | Build | House |
| 15:47 | Create | Archer |
| 15:47 | Create | Archer |
| 15:49 | Create | Villager (Male) |
| 16:02 | Build | House |
| 16:03 | Build | House |
| 16:03 | Build | House |
| 16:06 | Build | Farm |
| 16:25 | Research | Castle Age |
| 16:32 | Create | Archer |
| 16:32 | Create | Archer |
| 16:47 | Create | Archer |
| 17:02 | Create | Archer |
| 17:03 | Create | Archer |
| 17:06 | Research | Horse Collar |
| 17:08 | Create | Villager (Male) |
| 17:15 | Build | House |
| 17:18 | Create | Archer |
| 17:19 | Create | Archer |
| 17:25 | Create | Villager (Male) |
| 17:47 | Build | Lumber Camp |
| 17:50 | Create | Archer |
| 17:57 | Create | Villager (Male) |
| 18:12 | Create | Archer |
| 18:12 | Create | Archer |
| 18:36 | Create | Villager (Male) |
| 18:38 | Create | Archer |
| 18:38 | Create | Archer |
| 19:05 | Age | Castle Age |
| 19:06 | Research | Crossbowman (upgrade) |
| 19:07 | Research | Bodkin Arrow |
| 19:11 | Build | University |
Match timeline
| 4:52 | repard · first_building Barracks |
| 6:49 | repard · wall_segment Palisade Wall x19 |
| 7:04 | if i lose it all · first_building Barracks |
| 7:09 | repard · wall_segment Palisade Wall x7 |
| 7:16 | repard · wall_segment Palisade Wall x9 |
| 7:33 | if i lose it all · wall_segment Palisade Wall x1 |
| 7:35 | if i lose it all · wall_segment Palisade Wall x1 |
| 9:15 | if i lose it all · age_up feudal |
| 9:39 | if i lose it all · first_building Archery Range |
| 10:26 | repard · wall_segment Palisade Wall x1 |
| 10:39 | repard · wall_segment Palisade Wall x1 |
| 10:39 | repard · wall_segment Palisade Wall x1 |
| 10:49 | repard · wall_segment Palisade Wall x1 |
| 11:00 | repard · wall_segment Palisade Wall x1 |
| 11:02 | repard · wall_segment Palisade Wall x1 |
| 11:02 | repard · wall_segment Palisade Wall x1 |
| 11:17 | repard · wall_segment Palisade Wall x3 |
| 11:36 | if i lose it all · wall_segment Palisade Wall x3 |
| 11:37 | repard · wall_segment Palisade Wall x1 |
| 11:43 | repard · wall_segment Palisade Wall x1 |
| 11:44 | repard · wall_segment Palisade Wall x1 |
| 11:45 | repard · wall_segment Palisade Wall x1 |
| 11:59 | repard · wall_segment Palisade Wall x3 |
| 12:00 | repard · wall_segment Palisade Wall x1 |
| 12:01 | repard · wall_segment Palisade Wall x1 |
| 12:10 | repard · age_up feudal |
| 12:12 | repard · first_building Archery Range |
| 12:44 | if i lose it all · wall_segment Palisade Wall x10 |
| 12:54 | if i lose it all · wall_segment Palisade Wall x10 |
| 12:56 | if i lose it all · wall_segment Palisade Wall x5 |
| 19:05 | repard · age_up castle |
| 19:21 | if i lose it all · resign |
[ AI ANALYSIS · 1 CREDIT ]
What really happened in this match?
Wolo.gg analyzes every decision: build order, eco, micro, common mistakes by bracket. Personalized analysis on WhatsApp or Discord in 30 seconds.
Civ guide
Malians
Perfil
Jugador #22210642